 Dungeon Crawl Stone Soup version 0.21-a0-633-g4c047d5 (console) character file.

14811 toffzen the Spear-Bearer (level 12, -8/116 HPs)
             Began as a Naga Berserker on Dec 28, 2017.
             Was a High Priest of Trog.
             Killed from afar by a steam dragon (21 damage)
             ... with a ball of steam
             ... on level 10 of the Dungeon.
             The game lasted 00:54:17 (14688 turns).

toffzen the Spear-Bearer (Naga Berserker)          Turns: 14688, Time: 00:54:17

Health: -8/116     AC: 11    Str: 24    XL:     12   Next: 20%
Magic:  12/12      EV: 18    Int:  8    God:    Trog [*****.]
Gold:   367        SH:  0    Dex: 14    Spells: 11/11 levels left

rFire    . . .     SeeInvis +   L - +6 bardiche (chop)
rCold    . . .     Gourm    .   (shield currently unavailable)
rNeg     . . .     Faith    .   m - +1 ring mail
rPois    +         Spirit   .   B - +0 helmet
rElec    .         Reflect  .   x - +0 cloak
rCorr    .         Harm     .   (no gloves)
MR       +....                  (no barding)
Stlth    +.........             r - amulet of magic regeneration
HPRegen  0.29/turn              c - +5 ring of evasion
MPRegen  0.38/turn              q - +3 ring of strength

@: hasted, quick
A: large, see invisible, deformed body, poison resistance, slowness 2, slow
metabolism 1, spit poison 1, AC +4
a: Spit Poison, Berserk, Trog's Hand, Brothers in Arms, Burn Spellbooks,
Renounce Religion


You were on level 10 of the Dungeon.
You worshipped Trog.
Trog was extremely pleased with you.
You were not hungry.

You visited 1 branch of the dungeon, and saw 11 of its levels.

You collected 667 gold pieces.
You spent 300 gold pieces at shops.

Inventory:

Hand Weapons
 G - a +0 trident
 L - a +6 bardiche of chopping (weapon)
Missiles
 e - 270 stones (quivered)
Armour
 m - a +1 ring mail (worn)
 x - a +0 cloak (worn)
 B - a +0 helmet (worn)
Jewellery
 c - a +5 ring of evasion (left hand)
 g - an uncursed ring of protection from cold {unknown}
 p - an uncursed ring of resist corrosion
 q - a +3 ring of strength (right hand)
 r - an amulet of magic regeneration (around neck)
Wands
 D - a wand of acid (10)
 E - a wand of random effects (45)
 I - a wand of iceblast (4)
Scrolls
 d - 2 scrolls of enchant armour
 i - a scroll of teleportation
 k - a scroll of summoning {unknown}
 l - 2 scrolls of blinking {unknown}
 s - 3 scrolls of remove curse
 u - a scroll of fear {unknown}
 w - 3 scrolls of immolation {unknown}
 y - 3 scrolls of magic mapping {unknown}
 C - a scroll of fog {unknown}
Potions
 a - a potion of berserk rage {unknown}
 f - a potion of might {unknown}
 h - 3 potions of haste
 j - a potion of degeneration {unknown}
 n - 2 potions of mutation
 t - 3 potions of flight
 v - a potion of resistance {unknown}
 z - a potion of cancellation {unknown}
 A - 2 potions of brilliance {unknown}
 F - 3 potions of agility
 H - a potion of lignification {unknown}
 K - 2 potions of curing
Miscellaneous
 o - a box of beasts
Comestibles
 J - 14 rations


   Skills:
 + Level 9.7 Fighting
 * Level 11.8 Polearms
 + Level 7.8 Armour
 + Level 7.8 Dodging


You had 11 spell levels left.
You didn't know any spells.

Dungeon Overview and Level Annotations

Branches:
Dungeon (11/15)            Temple (0/1) D:6
   Lair: D:8-11         Orc: D:9-12

Altars:
Makhleb
Nemelex Xobeh
Uskayaw

Annotations:
D:8 2 runed doors, mtoz's ghost, novice MiBe
D:11 Psyche


Innate Abilities, Weirdness & Mutations

You cannot wear boots.
Your serpentine skin is tough. (AC +4)
You have supernaturally acute eyesight. (SInv)
Armour fits poorly on your strangely shaped body.
Your system is resistant to poisons. (rPois)
You cover ground very slowly.
You have a slow metabolism.
You can spit poison.


Message History

The steam dragon bites you but does no damage.
The steam dragon claws you.
* * * LOW HITPOINT WARNING * * *
You feel better.
The unseen horror is engulfed in a cloud of scalding steam.
The unseen horror misses you. The unseen horror hits you!
* * * LOW HITPOINT WARNING * * *
The unseen horror hits you but does no damage.
There is a stone staircase leading up here.
You climb upwards.
There is a stone staircase leading down here.
You closely miss the steam dragon. The steam dragon misses you.
The steam dragon claws you.
* * * LOW HITPOINT WARNING * * *
You slice the steam dragon!!
The steam dragon is almost dead.
The steam dragon breathes steam at you. The ball of steam hits you!
You die...

#.# #........# #.# #.##.# #.#
#.#####..# #.# #.##.. #.# #.#
#..######.####.#### #.# #.#
##..................
#.#####.####...######......####
#......#........## ##..####
#######.##.......#####..#
#####.##..............#
#..........D@...#####.#
#.###.###.....#.# #.# #.# #.#
##...##.# #.# ###.# #.#
##.###.## ##.####### #...# #.#
#.##.#.###......... #.### #.#
#.#.###............ #.# #.#
#.#..#.###...####.# #.#
#.#####.#.#รท######## #.. #.#
#.....#.........# ###


You could see a steam dragon.

Vanquished Creatures
  A hydra (D:8)
  6 two-headed ogres
  Joseph (D:7)
  A queen bee (D:9)
  3 trolls
  2 hornets
  3 hippogriffs
  A vampire (D:10)
  A wraith (D:11)
  6 yaks
  3 hungry ghosts
  The ghost of Gorice the Covered, an amateur DsWn (D:4)
  Menkaure (D:6)
  An acid dragon (D:8)
  A soldier ant (D:10)
  Duvessa (D:7)
  5 sky beasts
  A black bear (D:9)
  2 ice beasts
  An eye of draining (D:9)
  4 orc warriors
  A phantom (D:10)
  6 ogres
  5 centaurs
  A big kobold (D:9)
  4 bullfrogs
  Dowan (D:7)
  A scorpion (D:9)
  A water moccasin skeleton (D:9)
  4 wights (D:6)
  30 killer bees
  6 howler monkeys
  3 crimson imps
  2 bullfrog zombies
  A centaur skeleton (D:5)
  6 hounds
  2 quasits
  A bullfrog skeleton (D:9)
  10 orc priests
  2 jellies
  8 orc wizards
  8 worker ants
  Natasha (thrice) (D:2)
  A killer bee zombie (D:5)
  A hound skeleton (D:10)
  Robin (D:2)
  A worker ant zombie (D:10)
  13 adders
  3 gnolls (D:8)
  A river rat (D:6)
  A shadow imp (D:7)
  3 oozes
  An adder skeleton (D:9)
  3 worms
  5 dart slugs
  6 leopard geckos
  26 orcs
  6 bats
  5 giant cockroaches
  14 goblins
  16 hobgoblins
  11 jackals
  4 quokkas
  2 ball pythons
  4 frilled lizards
  12 kobolds
  A leopard gecko skeleton (D:4)
  5 rats
298 creatures vanquished.

Notes
Turn   | Place    | Note
-------+----------+-------------------------------------------
     0 | D:1      | toffzen the Naga Berserker began the quest for the Orb.
     0 | D:1      | Reached XP level 1. HP: 21/21 MP: 1/1
   231 | D:1      | Reached XP level 2. HP: 21/28 MP: 2/2
   891 | D:2      | Reached XP level 3. HP: 30/34 MP: 3/3
  1078 | D:2      | Noticed Natasha
  1084 | D:2      | Killed Natasha
  1084 | D:2      | Reached ** piety under Trog
  1084 | D:2      | Reached XP level 4. HP: 38/42 MP: 4/4
  1140 | D:2      | Noticed Natasha
  1153 | D:2      | Killed Natasha
  1172 | D:2      | Noticed Natasha
  1201 | D:2      | Killed Natasha
  1221 | D:2      | Reached XP level 5. HP: 37/50 MP: 5/5
  1394 | D:2      | Noticed Robin
  1421 | D:2      | Killed Robin
  1993 | D:3      | Reached skill level 4 in Polearms
  2070 | D:3      | Reached *** piety under Trog
  2829 | D:4      | Found a burning altar of Makhleb.
  2841 | D:4      | Reached XP level 6. HP: 50/57 MP: 6/6
  3295 | D:4      | Noticed Gorice's ghost (amateur DsWn)
  3305 | D:4      | Killed Gorice's ghost
  3305 | D:4      | Reached XP level 7. HP: 66/66 MP: 7/7
  3726 | D:5      | Entered Level 5 of the Dungeon
  3986 | D:5      | Reached skill level 5 in Fighting
  3996 | D:5      | Reached skill level 5 in Polearms
  4101 | D:5      | Reached XP level 8. HP: 59/74 MP: 8/8
  5202 | D:6      | Reached **** piety under Trog
  5267 | D:6      | Found a staircase to the Ecumenical Temple.
  5332 | D:6      | Reached skill level 6 in Polearms
  5472 | D:6      | Reached XP level 9. HP: 84/84 MP: 9/9
  5828 | D:6      | Reached skill level 5 in Armour
  5938 | D:6      | Noticed Menkaure
  5945 | D:6      | Killed Menkaure
  5945 | D:6      | Reached skill level 5 in Dodging
  6194 | D:6      | You fall through a shaft!
  6211 | D:7      | Found Ganuq's Food Boutique.
  6216 | D:7      | Noticed Joseph
  6234 | D:7      | Killed Joseph
  6234 | D:7      | Reached skill level 7 in Polearms
  7038 | D:7      | Noticed Duvessa
  7058 | D:7      | Killed Duvessa
  7114 | D:7      | Noticed Dowan
  7122 | D:7      | Killed Dowan
  7652 | D:8      | Noticed a two-headed ogre
  7662 | D:8      | Killed a two-headed ogre
  7662 | D:8      | Reached skill level 8 in Polearms
  7662 | D:8      | Reached XP level 10. HP: 90/94 MP: 10/10
  7814 | D:8      | Noticed a six-headed hydra
  7826 | D:8      | Killed a six-headed hydra
  7826 | D:8      | Reached ***** piety under Trog
  7917 | D:8      | Found a large runed door.
  7918 | D:8      | Found a large runed door.
  7934 | D:8      | Reached skill level 9 in Polearms
  8018 | D:8      | Noticed a two-headed ogre
  8025 | D:8      | Killed a two-headed ogre
  8192 | D:8      | Noticed mtoz's ghost (novice MiBe)
  8400 | D:8      | Noticed a two-headed ogre
  8417 | D:9      | Killed a two-headed ogre
  8977 | D:9      | Reached XP level 11. HP: 72/104 MP: 11/11
  9049 | D:9      | Got a sparkling sapphire amulet
  9051 | D:9      | Identified the amulet of Attethrum {Inacc MR- Str+2 Dex+6} (You found it on level 9 of the Dungeon)
  9067 | D:9      | Reached skill level 10 in Polearms
  9360 | D:9      | Noticed a two-headed ogre
  9373 | D:9      | Killed a two-headed ogre
  9883 | D:7      | Bought a ration for 60 gold pieces
  9883 | D:7      | Bought a ration for 60 gold pieces
  9883 | D:7      | Bought a ration for 60 gold pieces
  9883 | D:7      | Bought a ration for 60 gold pieces
  9883 | D:7      | Bought a ration for 60 gold pieces
 10143 | D:9      | Found a sparkling altar of Nemelex Xobeh.
 11289 | D:9      | Received a gift from Trog
 12519 | D:10     | Entered Level 10 of the Dungeon
 12649 | D:10     | Reached skill level 11 in Polearms
 12654 | D:10     | Received a gift from Trog
 13150 | D:10     | Noticed a two-headed ogre
 13157 | D:10     | Killed a two-headed ogre
 13589 | D:10     | Found a hide-covered altar of Uskayaw.
 13639 | D:10     | Found a burning altar of Makhleb.
 13925 | D:10     | Reached XP level 12. HP: 115/115 MP: 12/12
 14217 | D:11     | Noticed a two-headed ogre
 14225 | D:11     | Killed a two-headed ogre
 14663 | D:11     | Noticed a two-headed ogre
 14672 | D:11     | Noticed Psyche
 14688 | D:10     | Killed from afar by a steam dragon

Vault maps used:
D:1:      lemuel_arrival_behind_the_door_small
D:2:      uniq_robin, uniq_natasha
D:4:      makhleb_heckhound_becter
D:5:      first_ration
D:6:      temple_doors_e, gup_sewer_entry_spiral, uniq_menkaure
D:7:      serial_shops, shop, uniq_duvessa, uniq_joseph
D:8:      dpeg_lair_monsters, grunt_livestock, jmf_multi_god_temple2
D:9:      kennysheep_ambush_hall, special_room, nemelex_spade_bored_becter
D:10:     basic_altar, david_defended_altar_orc
D:11:     nicolae_zen_rock_garden, minmay_crystal_water, solitary_fountain,
          uniq_harold, uniq_psyche

Skill      XL: |  1  2  3  4  5  6  7  8  9 10 11 |
---------------+----------------------------------+-----
Dodging        | 2 3 4 5 6 7 |  7.8
Armour         | 2 3 4 5 6 7 |  7.8
Polearms       | 4 5 6 8 9 11 | 11.8
Fighting       | 4 5 6 7 8 9 |  9.7

Action                   |  1- 3 |  4- 6 |  7- 9 | 10-12 || total
-------------------------+-------+-------+-------+-------++-------
Melee: Spear             |    69 |   294 |   232 |     7 ||   602
       Halberd           |       |       |   155 |   463 ||   618
       Bardiche          |       |       |       |   134 ||   134
Throw: Stone             |     2 |     3 |    19 |     4 ||    28
Invok: Berserk           |     1 |     4 |    18 |    17 ||    40
       Burn Spellbooks   |       |     1 |       |       ||     1
       Trog's Hand       |       |       |       |     4 ||     4
 Abil: Spit Poison       |       |       |     2 |     1 ||     3
  Use: Scroll            |     2 |       |     1 |    15 ||    18
       Potion            |       |       |       |     5 ||     5
  Eat: Chunk             |       |    10 |    25 |    18 ||    53
       Ration            |       |       |     5 |     6 ||    11
Armor: Animal skin       |     2 |       |       |       ||     2
       Ring mail         |     8 |    77 |    96 |   219 ||   400
Dodge: Dodged            |    18 |   108 |   167 |   627 ||   920

Table legend:
 A = Spawn XP
 B = Non-spawn XP
 C = Spawn XP percentage of total XP
 D = Spawn monster count
 E = Non-spawn monster count
 F = Spawn count percentage of total count
 G = Total turns spent on level
                    A         B        C        D         E        F      G
               +---------+---------+-------+---------+---------+-------+---------
         Total |       0 |   21159 |   0.0 |       0 |     298 |   0.0 | 14688
               +---------+---------+-------+---------+---------+-------+---------
           D:1 |       0 |      21 |   0.0 |       0 |      13 |   0.0 |   857
           D:2 |       0 |     215 |   0.0 |       0 |      37 |   0.0 |   962
           D:3 |       0 |      65 |   0.0 |       0 |      25 |   0.0 |   954
           D:4 |       0 |     455 |   0.0 |       0 |      20 |   0.0 |   959
           D:5 |       0 |     960 |   0.0 |       0 |      19 |   0.0 |  1352
           D:6 |       0 |    1067 |   0.0 |       0 |      29 |   0.0 |  1315
           D:7 |       0 |    1591 |   0.0 |       0 |      15 |   0.0 |  1346
           D:8 |       0 |    3621 |   0.0 |       0 |      19 |   0.0 |   810
           D:9 |       0 |    6639 |   0.0 |       0 |      73 |   0.0 |  3967
          D:10 |       0 |    3791 |   0.0 |       0 |      33 |   0.0 |  1697
          D:11 |       0 |    2734 |   0.0 |       0 |      15 |   0.0 |   469
               +---------+---------+-------+---------+---------+-------+---------
